 Dungeon Crawl Stone Soup version 0.20.1-1-g8b1a95d (console) character file.

746 hilaritas the Quickloader (level 8, -5/72 HPs)
             Began as a Kobold Hunter on Jan 26, 2018.
             Was a Follower of Okawaru.
             Slain by hilaritas's ghost (16 damage)
             ... on level 5 of the Dungeon.
             The game lasted 00:15:56 (4401 turns).

hilaritas the Quickloader (Kobold Hunter)           Turns: 4401, Time: 00:15:56

Health: -5/72      AC: 24    Str: 11    XL:     8   Next: 5%
Magic:  9/9        EV:  3    Int: 13    God:    Okawaru [*.....]
Gold:   214        SH:  0    Dex: 15    Spells: 7/7 levels left

rFire    . . .     SeeInvis .   b - +0 short sword
rCold    . . .     Gourm    .   (shield restricted)
rNeg     + + +     Faith    .   (armour currently unavailable)
rPois    +         Spirit   .   (helmet currently unavailable)
rElec    .         Reflect  .   (cloak currently unavailable)
rCorr    .         Harm     .   (gloves currently unavailable)
MR       .....     NoTele   +   (boots currently unavailable)
Stlth    ++++......             q - amulet of magic regeneration
Regen    0.3/turn               (no ring)
MPRegen  0.2/turn               (no ring)

@: tree-form, heroism
A: carnivore 3
a: Heroism, Renounce Religion


You were on level 5 of the Dungeon.
You worshipped Okawaru.
Okawaru was aware of your devotion.
You were completely stuffed.
You were a tree.
You visited 2 branches of the dungeon, and saw 6 of its levels.

You collected 214 gold pieces.

Inventory:

Hand Weapons
 a - a +2 hand crossbow
 b - a +0 short sword (weapon)
Armour
 j - a +0 cloak (melded)
 l - a cursed +0 ring mail (melded)
 r - a +0 helmet of intelligence (melded)
Jewellery
 h - an uncursed ring of flight
 q - an amulet of magic regeneration (around neck)
Wands
 t - a wand of acid (3/15)
Scrolls
 c - a scroll of teleportation
 e - a scroll of magic mapping
 m - a scroll of enchant weapon
 o - a scroll of remove curse
Potions
 g - a potion of haste
 n - a potion of mutation
 p - a potion of ambrosia
 u - a potion of curing
Comestibles
 f - 2 meat rations
 i - a royal jelly


   Skills:
 + Level 4.1(9.1) Fighting
 * Level 9.1(14.1) Crossbows
 - Level 2.4(7.4) Dodging
 * Level 4.5(9.5) Stealth
 * Level 2.5 Invocations


You had 7 spell levels left.
You didn't know any spells.

Dungeon Overview and Level Annotations

Branches:
Dungeon (5/15)             Temple (1/1) D:4

Altars:
Elyvilon
Gozag
Makhleb
Okawaru
Ru
Xom
The Shining One

Shops:
D:4 (

Annotations:
D:5 hilaritas's ghost, novice DEAE


Innate Abilities, Weirdness & Mutations

You are small and have problems with some larger weapons.
You are carnivorous and can eat meat at any time.


Message History

Helpless, you fail to dodge the zap.
You hit hilaritas's ghost.
Hilaritas's ghost is almost destroyed.
You completely miss hilaritas's ghost.
Hilaritas's ghost is almost destroyed.
Hilaritas's ghost hits you but does no damage.
You are electrocuted!
You hit hilaritas's ghost but do no damage.
Hilaritas's ghost is almost destroyed.
Hilaritas's ghost casts a spell at you. Helpless, you fail to dodge the zap.
* * * LOW HITPOINT WARNING * * *
You closely miss hilaritas's ghost.
Hilaritas's ghost is almost destroyed.
Hilaritas's ghost hits you but does no damage.
You miss hilaritas's ghost.
Hilaritas's ghost is almost destroyed.
Hilaritas's ghost hits you but does no damage.
You are electrocuted!
You die...

... #. #.# #.# #.#
.... #.# ###
.?..## #.# ..%
......##.# #.#####
....#.#..##.......
..........♣W(!(..(
.......†.##..#####
......#..##..>.#
#.................
#####.#<.##....###
#.#..##>..... ..#
# #.......####..#
##.###### #..# #.#
#..# #.# #..# #.#
#..#


You could see hilaritas's ghost.

Vanquished Creatures
  Duvessa (D:5)
  An ogre (D:4)
  Dowan (D:5)
  A scorpion (D:4)
  A hound (D:4)
  Crazy Yiuf (D:2)
  An orc priest (D:3)
  4 iguanas
  An orc wizard (D:4)
  Robin (D:2)
  4 gnolls
  6 adders
  An ooze (D:2)
  An adder skeleton (D:4)
  3 worms (D:2)
  A dart slug (D:4)
  5 leopard geckos
  16 orcs
  6 giant cockroaches
  16 goblins
  7 hobgoblins
  8 jackals
  2 quokkas
  6 bats
  4 frilled lizards
  7 kobolds
  3 rats
109 creatures vanquished.

Notes
Turn   | Place    | Note
-------+----------+-------------------------------------------
     0 | D:1      | hilaritas the Kobold Hunter began the quest for the Orb.
     0 | D:1      | Reached XP level 1. HP: 12/12 MP: 1/1
    66 | D:1      | Reached skill level 5 in Crossbows
    73 | D:1      | Reached XP level 2. HP: 16/18 MP: 2/2
   263 | D:1      | Reached XP level 3. HP: 22/22 MP: 3/3
   916 | D:2      | Reached XP level 4. HP: 27/27 MP: 4/4
   956 | D:2      | Reached skill level 6 in Crossbows
  1216 | D:2      | Noticed Robin
  1230 | D:2      | Killed Robin
  1418 | D:2      | Found a runed door.
  1476 | D:2      | Noticed Crazy Yiuf
  1491 | D:2      | Killed Crazy Yiuf
  1491 | D:2      | Reached XP level 5. HP: 15/32 MP: 5/5
  2012 | D:3      | Reached skill level 7 in Crossbows
  2199 | D:3      | Reached XP level 6. HP: 37/37 MP: 6/6
  2213 | D:3      | Found an opulent altar of Gozag.
  2758 | D:4      | Found a staircase to the Ecumenical Temple.
  2766 | Temple   | Entered the Ecumenical Temple
  2799 | Temple   | Became a worshipper of Warmaster Okawaru
  2979 | D:4      | Found Vuatuoss's Weapon Shoppe.
  2996 | D:4      | Reached skill level 1 in Invocations
  3178 | D:4      | Reached XP level 7. HP: 41/41 MP: 8/8
  3316 | D:4      | Reached skill level 8 in Crossbows
  3878 | D:5      | Entered Level 5 of the Dungeon
  4019 | D:5      | Noticed Duvessa
  4059 | D:5      | HP: 3/42 [Duvessa/rapier (2)]
  4068 | D:5      | Killed Duvessa
  4074 | D:5      | Noticed Dowan
  4079 | D:5      | HP: 1/43 [Dowan/shard of ice (10)]
  4086 | D:5      | Killed Dowan
  4086 | D:5      | Reached * piety under Okawaru
  4086 | D:5      | Reached skill level 9 in Crossbows
  4086 | D:5      | Reached XP level 8. HP: 11/48 MP: 9/9
  4376 | D:5      | Noticed hilaritas's ghost (novice DEAE)
  4401 | D:5      | Slain by hilaritas's ghost

Skill      XL: |  1  2  3  4  5  6  7 |
---------------+----------------------+-----
Crossbows      | 5 6 7 9 |  9.1
Stealth        | 2 3 4 |  4.5
Fighting       | 3 4 |  4.1
Invocations    | 1 2 |  2.5
Dodging        | |  2.4

Action                   |  1- 3 |  4- 6 |  7- 9 || total
-------------------------+-------+-------+-------++-------
Melee: Short sword       |    15 |    84 |   121 ||   220
       Hand crossbow     |       |     9 |       ||     9
 Fire: Hand crossbow     |    53 |   103 |    44 ||   200
Invok: Heroism           |       |       |     1 ||     1
  Use: Scroll            |     5 |     7 |     2 ||    14
       Potion            |       |     1 |     5 ||     6
 Stab: Invisible         |       |     1 |       ||     1
  Eat: Chunk             |     8 |     7 |     4 ||    19
Armor: Leather armour    |     6 |       |       ||     6
       Ring mail         |       |    45 |    16 ||    61
       Skin              |       |       |    11 ||    11
Dodge: Dodged            |    13 |   116 |    65 ||   194
